 Dungeon Crawl Stone Soup version 0.28-a0-749-gded9c35 (webtiles) character file.

Game seed: 14583142849520561585

305 Nithhogg the Skirmisher (level 6, -7/58 HPs)
             Began as a Hill Orc Fighter on Oct 29, 2021.
             Mangled by an ogre (22 damage)
             ... on level 3 of the Dungeon.
             The game lasted 00:05:19 (3733 turns).

Nithhogg the Skirmisher (Hill Orc Fighter)          Turns: 3733, Time: 00:05:19

Health: -7/58      AC:  7    Str: 21    XL:     6   Next: 39%
Magic:  6/6        EV:  9    Int:  8    God:
Gold:   188        SH:  0    Dex: 10    Spells: 5/5 levels left

rFire   . . .      SeeInvis .   a - +1 war axe
rCold   . . .      Faith    .   (no shield)
rNeg    . . .      Spirit   .   b - +1 scale mail
rPois   +          Reflect  .   (no helmet)
rElec   .          Harm     .   (no cloak)
rCorr   .          Rampage  .   (no gloves)
Will    .....                   (no boots)
Stlth   ..........              (no amulet)
HPRegen 0.19/turn               l - ring of poison resistance
MPRegen 0.10/turn               (no ring)

@: no status effects
A: no striking features
a: no special abilities


You were on level 3 of the Dungeon.
You visited 1 branch of the dungeon, and saw 4 of its levels.

You collected 188 gold pieces.

Inventory:

Hand Weapons
 a - a +1 war axe (weapon)
Armour
 b - a +1 scale mail (worn)
 c - a +0 buckler
Jewellery
 l - a ring of poison resistance (left hand)
Wands
 h - a wand of flame (17)
Scrolls
 f - a scroll of noise
 g - 2 scrolls of teleportation
 j - 2 scrolls of enchant armour
 n - a scroll of amnesia
Potions
 d - a potion of might
 e - a potion of degeneration {unknown}
 i - a potion of lignification {unknown}
 m - a potion of curing {unknown}
 q - a potion of heal wounds


   Skills:
 + Level 6.4 Fighting
 + Level 6.3 Axes
 - Level 3.2 Armour
 - Level 3.2 Shields


You had 5 spell levels left.
You didn't know any spells.
Your spell library was empty.

Dungeon Overview and Level Annotations

Branches:
Dungeon (4/15)
 Temple: D:4-7

Altars:
Elyvilon
Nemelex Xobeh
The Shining One


Message History

(D) Dungeon
Where to? (Enter - D:3, ? - help)
There are monsters nearby!
You can't go up here!
You are too confused!
You are too confused!
You are too confused!
You are too confused!
You are too confused!
You are too confused!
You are too confused!
You are too confused!
You are too confused!
You are too confused!
You are too confused!
You are too confused!
You are too confused!
You are too confused!
You are too confused!
You are too confused!
The kobold closely misses you.
You hit the ogre.
The ogre is lightly wounded.
You miss the kobold. The kobold barely misses you.
The ogre hits you with a +0 giant spiked club!
The kobold hits you but does no damage.
You're too confused to move!
The ogre hits you with a +0 giant spiked club!
The kobold hits you with a +0 club.
You barely miss the ogre. You closely miss the kobold.
The ogre hits you with a +0 giant spiked club!
* * * LOW HITPOINT WARNING * * *
The kobold barely misses you.
You hit the ogre.
The ogre is moderately wounded.
You miss the kobold.
You feel less confused. The kobold closely misses you.
The ogre hits you with a +0 giant spiked club!!
You die...

###...##.##.##.###......#
#####
#...........##.#####.####
#........#####.#.......#
#.......## ###.#.###.#.#
###...### #.....###.#.#
#...# #.....##..#.# ##.##
#.....##.##.# #.#
#....K##.##.## #.#
#...@O.......# #.#
############.# #.# #.#
#.# ######### #.#
#.#####.......# #.#
#.......#####.# #.#
#..#..)....##.######.#
#....##.##.....>.....#
##.####.#####.########


You could see an ogre and a kobold.

Vanquished Creatures
  A phantom (D:4)
  A scorpion (D:2)
  Terence (D:3)
  Robin (D:2)
  4 adders
  An adder skeleton (D:4)
  2 worms
  A dart slug (D:3)
  8 orcs
  7 ball pythons
  9 endoplasms
  4 giant cockroaches
  9 hobgoblins
  A quokka (D:1)
  A bat (D:1)
  2 frilled lizards
  11 goblins
  11 kobolds
  A rat (D:2)
  A spectral goblin (D:2)
77 creatures vanquished.

Notes
Turn   | Place    | Note
-------+----------+-------------------------------------------
     0 | D:1      | Nithhogg the Hill Orc Fighter began the quest for the Orb.
     0 | D:1      | Reached XP level 1. HP: 19/19 MP: 1/1
   210 | D:1      | Reached XP level 2. HP: 24/27 MP: 2/2
   808 | D:1      | Reached XP level 3. HP: 34/34 MP: 3/3
  1261 | D:2      | Noticed a scorpion
  1450 | D:2      | Found a faded altar of an unknown god.
  1452 | D:2      | Noticed Robin
  1736 | D:2      | Killed Robin
  1789 | D:2      | Reached XP level 4. HP: 35/41 MP: 4/4
  1938 | D:2      | Killed a scorpion
  1939 | D:2      | Reached skill level 5 in Fighting
  1939 | D:2      | Reached skill level 5 in Axes
  1939 | D:2      | Reached XP level 5. HP: 30/48 MP: 5/5
  2723 | D:3      | Noticed Terence
  2734 | D:3      | Killed Terence
  2994 | D:3      | Found a sparkling altar of Nemelex Xobeh.
  3313 | D:3      | Found a glowing golden altar of the Shining One.
  3411 | D:3      | Found a white marble altar of Elyvilon.
  3455 | D:4      | Noticed a phantom
  3471 | D:4      | Killed a phantom
  3472 | D:4      | Reached XP level 6. HP: 32/58 MP: 6/6
  3733 | D:3      | Mangled by an ogre

Illustrated notes

Levels and vault maps discovered:
D:1:      dpeg_arrival_lava_temple_mockup, layout_loops_ring
D:2:      layout_basic, dreamdust_ecumenical_altar_drowned_temple,
          minmay_misc_feat_secret_circle, uniq_robin
D:3:      layout_loops_cross, mainiacjoe_overflow_big_doors,
          nemelex_xobeh_ov_fountains_minmay, uniq_terence
D:4:      layout_loops_ring, mainiacjoe_overflow_tiny_flanked

Skill      XL: |  1  2  3  4  5 |
---------------+----------------+-----
Axes           | 3 4 5 6 |  6.3
Fighting       | 4 5 6 |  6.4
Armour         | |  3.2
Shields        | |  3.2

Action                   |  1- 3 |  4- 6 || total
-------------------------+-------+-------++-------
Melee: War axe           |   107 |   147 ||   254
  Use: Scroll            |     3 |     4 ||     7
       Potion            |     2 |       ||     2
Armor: Scale mail        |    66 |    54 ||   120
Dodge: Dodged            |    65 |    70 ||   135

Table legend: (Time is in decaauts)
 A = Elapsed time spent in this place.
 B = Non-inter-level travel time spent in this place.
 C = Inter-level travel time spent in this place.
 D = Time resting spent in this place.
 E = Time spent auto-exploring this place.
 F = Levels seen in this place.
 G = Mean time per level.
                   A        B        C        D        E       F      G
               +--------+--------+--------+--------+--------+-----+--------+
         Total |   3811 |   3761 |     50 |    205 |   2902 |   4 |  952.8 |
       Dungeon |   3811 |   3761 |     50 |    205 |   2902 |   4 |  952.8 |
               +--------+--------+--------+--------+--------+-----+--------+

Top non-repeatable levels by time:
     D:1: 1319 daAuts
     D:3: 1132 daAuts
     D:2: 1074 daAuts
     D:4: 285 daAuts
